 Dungeon Crawl Stone Soup version 0.29.0-13-gc9e81de378 (webtiles) character file.

Game seed: 1357625088694629811

60 SnakkuSnakku7 the Chopper (level 4, -1/39 HPs)
             Began as a Naga Warper on Sept 9, 2022.
             Slain by a gnoll
             ... wielding a +0 club
              (4 damage)
             ... on level 2 of the Dungeon.
             The game lasted 00:01:49 (2099 turns).

SnakkuSnakku7 the Chopper (Naga Warper)             Turns: 2099, Time: 00:01:49

Health: -1/39      AC:  3    Str: 15    XL:     4   Next: 6%
Magic:  7/7        EV:  9    Int: 14    God:
Gold:   63         SH:  0    Dex: 10    Spells: 7/7 levels left

rFire   . . .      SeeInvis +   a - +0 hand axe
rCold   . . .      Faith    .   (no shield)
rNeg    . . .      Spirit   .   b - +0 leather armour
rPois   +          Reflect  .   (no helmet)
rElec   .          Harm     .   (no cloak)
rCorr   .          Rampage  .   f - +0 pair of gloves
Will    .....                   (no barding)
Stlth   +.........              (no amulet)
HPRegen 0.13/turn               (no ring)
MPRegen 0.10/turn               (no ring)

@: very slow
A: AC +1, large, see invisible, deformed body, poison resistance, slowness 2,
spit poison 1, naga tail 1
a: Spit Poison


You were on level 2 of the Dungeon.
You visited 1 branch of the dungeon, and saw 2 of its levels.

You collected 63 gold pieces.

Inventory:

Hand Weapons
 a - a +0 hand axe (weapon)
Missiles
 d - 7 boomerangs of dispersal
Armour
 b - a +0 leather armour (worn)
 f - a +0 pair of gloves (worn)
Jewellery
 l - an amulet of the acrobat
Scrolls
 g - a scroll of torment {unknown}
 h - 2 scrolls of identify
 i - 2 scrolls of enchant weapon {unknown}
 k - a scroll of poison {unknown}
 m - a scroll of vulnerability {unknown}
 n - a scroll of silence {unknown}
 o - 3 scrolls of immolation {unknown}
Potions
 e - 2 potions of heal wounds {unknown}
 j - a potion of might


   Skills:
 - Level 2.0 Fighting
 + Level 4.2 Axes
 - Level 0.8 Throwing
 - Level 0.7 Armour
 - Level 1.5 Dodging
 - Level 2.0 Spellcasting
 - Level 3.0 Translocations


You had 7 spell levels left.
You didn't know any spells.
Your spell library contained the following spells:

 Spells                   Type           Power      Damage    Failure   Level
 Blink                    Tloc           18%        N/A       13%         2
 Gell's Gravitas          Tloc           9%         N/A       26%         3
 Lesser Beckoning         Tloc           9%         N/A       26%         3
 Teleport Other           Tloc           9%         N/A       26%         3
 Manifold Assault         Tloc           9%         N/A       93%         5


Dungeon Overview and Level Annotations

Branches:
Dungeon (2/15)

Altars:

Shops:
D:1 (


Innate Abilities, Weirdness & Mutations

Your serpentine skin is tough. (AC +1)
You have supernaturally acute eyesight. (SInv)
Armour fits poorly on your strangely shaped body.
Your system is resistant to poisons. (rPois)
You cover ground very slowly.
You can spit poison.
You have a snake-like lower body.


Message History

The gnoll hits you but does no damage.
The gnoll hits you from afar with a +0 spear.
The gnoll closely misses you. The gnoll barely misses you.
You barely miss the gnoll. The gnoll completely misses you.
The gnoll closely misses you.
You hit the gnoll but do no damage.
You have got your breath back.
The gnoll looks more healthy.
A gnoll comes into view. It is wielding a +0 whip.
The gnoll hits you with a +0 club. The gnoll hits you but does no damage.
Aiming: Spit Poison (1% risk of failure)
Press: ? - help, Q - select action, (/) - cycle Shift-Dir - straight line, f/p - gnoll
Aim: a gnoll, wielding a +0 club (65% to hit)
The splash of poison hits the gnoll but does no damage.
The gnoll is poisoned.
The gnoll hits you with a +0 club.
The gnoll hits you from afar with a +0 spear.
* * * LOW HITPOINT WARNING * * *
Blink to where?
Press: ? - help, Dir - move target, p - gnoll
As you read the scroll of blinking, it crumbles to dust.
You have got your breath back.
Aiming: Spit Poison (1% risk of failure)
Press: ? - help, Q - select action, (/) - cycle Shift-Dir - straight line, f - gnoll
Aim: a gnoll, wielding a +0 club (lightly wounded, 65% to hit)
The splash of poison hits the gnoll.
The gnoll is heavily wounded.
Unknown command.
The gnoll attacks as you move away! The gnoll hits you with a +0 club.
* * * LOW HITPOINT WARNING * * *
The gnoll attacks as you move away! The gnoll hits you with a +0 club.
* * * LOW HITPOINT WARNING * * *
You have got your breath back.
The gnoll hits you with a +0 club.
* * * LOW HITPOINT WARNING * * *
As you read the scroll labelled RELUME LUYDEF, it crumbles to dust.
It is a scroll of identify.
j - a potion of might The gnoll hits you with a +0 club.
You die...

##.## ......# #.# #...#.#
##g## ..#.# #...# #.#.#
#.#g# #.#.# #...#
#.#.###### ###.#
####.#.....<#
#.##########.......###.#
#.#...g.gg@............#
##.....######.##.##.###.#
###...##.### #.##....#
#.# #.....##... .. ###..#
#.# #.#...##.##.###. #..#
#.# #.##.....# # #. ...#
#.# # ###.### ## ##.##
#.# #...# #.# #.# #.#.###
# ##.####.#


You could see 3 gnolls.

Vanquished Creatures
  2 adders (D:2)
  A worm (D:2)
  A dart slug (D:1)
  3 ball pythons
  4 endoplasms (D:1)
  A giant cockroach (D:2)
  4 goblins (D:1)
  4 hobgoblins
  4 jackals (D:1)
  3 quokkas
  2 bats
  2 frilled lizards (D:1)
  2 kobolds (D:1)
  A rat (D:1)
34 creatures vanquished.

Notes
Turn   | Place    | Note
-------+----------+-------------------------------------------
     0 | D:1      | SnakkuSnakku7 the Naga Warper began the quest for the Orb.
     0 | D:1      | Reached XP level 1. HP: 19/19 MP: 3/3
   376 | D:1      | Reached XP level 2. HP: 14/26 MP: 5/5
   674 | D:1      | Reached skill level 3 in Axes
   938 | D:1      | Reached XP level 3. HP: 32/32 MP: 6/6
  1247 | D:1      | Found Xesuschi's Weapon Emporium.
  1267 | D:1      | Found a faded altar of an unknown god.
  1922 | D:2      | Reached skill level 4 in Axes
  1940 | D:2      | Reached XP level 4. HP: 24/39 MP: 7/7
  2099 | D:2      | Slain by a gnoll

Illustrated notes

Levels and vault maps discovered:
D:1:      dpeg_arrival_boxes_within_box, layout_rooms, serial_shops, shop,
          hellmonk_ecumenical_altar_dog_temple
D:2:      layout_loops_ring

Skill      XL: |  1  2  3 |
---------------+----------+-----
Axes           | 3 4 |  4.2
Fighting       | |  2.0
Throwing       | |  0.8
Armour         | |  0.7
Dodging        | |  1.5
Spellcasting   | |  2.0
Translocations | |  3.0

Action                   |  1- 3 |  4- 6 || total
-------------------------+-------+-------++-------
Melee: Hand axe          |    93 |    10 ||   103
       Punch             |     2 |       ||     2
 Abil: Spit Poison       |     6 |     4 ||    10
  Use: Scroll            |       |     2 ||     2
Armor: Leather armour    |    25 |     5 ||    30
Dodge: Dodged            |    48 |     9 ||    57
